 Dungeon Crawl Stone Soup version 0.29.1-15-g9cfb28693d (webtiles) character file.

Game seed: 10294571129593652663

42 sentinel the Digger (level 4, -2/33 HPs)
             Began as a Meteoran Earth Elementalist on Aug 16, 2023.
             Slain by a quokka (4 damage)
             ... on level 3 of the Dungeon.
             The game lasted 00:01:38 (192 turns).

sentinel the Digger (Meteoran Earth Elementalist)    Turns: 192, Time: 00:01:39

Health: -2/33      AC:  2    Str:  9    XL:     4   Next: 5%
Magic:  0/9        EV: 12    Int: 18    God:
Gold:   0          SH:  0    Dex: 15    Spells: 5/8 levels left

rFire   . . .      SeeInvis .   (no weapon)
rCold   . . .      Faith    .   (no shield)
rNeg    . . .      Spirit   .   a - +0 robe
rPois   .          Reflect  .   (no helmet)
rElec   .          Harm     .   (no cloak)
rCorr   .          Rampage  .   (no gloves)
Will    .....                   (no boots)
Stlth   +.........              (no amulet)
HPRegen 0.11/turn               (no ring)
MPRegen 0.11/turn               (no ring)

@: very slightly contaminated, glowing
A: sense surroundings 1, otherworldly, glowing, explore regen
a: no special abilities


You were on level 3 of the Dungeon.
You visited 1 branch of the dungeon, and saw 3 of its levels.

Inventory:

Armour
 a - a +0 robe (worn)
Scrolls
 d - 2 scrolls of identify {unknown}
 f - a scroll of teleportation {unknown}
Potions
 b - a potion of magic
 c - a potion of invisibility {unknown}
 e - a potion of heal wounds {unknown}


   Skills:
 - Level 2.4 Dodging
 - Level 1.4 Stealth
 - Level 2.6 Spellcasting
 - Level 1.2 Transmutations
 + Level 5.4 Earth Magic


You had 5 spell levels left.
You knew the following spells:

 Your Spells              Type           Power      Damage    Failure   Level
a - Sandblast             Erth           44%        2d11      1%          1
j - Passwall              Tmut/Erth      11%        N/A       6%          2

Your spell library contained the following spells:

 Spells                   Type           Power      Damage    Failure   Level
 Stone Arrow              Conj/Erth      24%        3d8       17%         3
 Petrify                  Tmut/Erth      14%        N/A       38%         4
 Fireball                 Conj/Fire      1%         3d3       99%         5
 Starburst                Conj/Fire      1%         6d3       100%        6
 Ignition                 Fire           1%         3d3       100%        8


Dungeon Overview and Level Annotations

Branches:
Dungeon (3/15) Zot: 1593

Altars:
Makhleb


Innate Abilities, Weirdness & Mutations

You passively map a small area around you.
You are easily found by Zot.
You glow in the dark.
You regain HP and MP as you explore.


Message History

Found a stone staircase leading down.
Found a stone staircase leading down.
There is a stone staircase leading down here.
You climb downwards.
You hear the sound of rushing water.
There is an entrance to a sewer on this level.
Hurry and find it before the portal rusts away!
There is a stone staircase leading up here.
There is a stone staircase leading up here.
Magic restored.
You climb upwards.
There is a stone staircase leading down here.
Casting: Sandblast (safe; 3% risk of failure)
Confirm with . or Enter, or press ? or * to list all spells.
Aiming: Passwall (safe; 10% risk of failure)
Press: ? - help, Dir - move target A rock wall.
You miscast Passwall.
You are very lightly contaminated with residual magic.
Nothing appears to happen.
Casting: Passwall (safe; 10% risk of failure)
Confirm with . or Enter, or press ? or * to list all spells.
Aiming: Passwall (safe; 10% risk of failure)
Press: ? - help, Dir - move target A rock wall.
You begin to meditate on the wall.
You continue meditating on the rock. x2
You finish merging with the rock.
Your magical contamination has completely faded away.
There is a stone staircase leading down here.
You climb downwards.
You hear the sound of rushing water.
There is an entrance to a sewer on this level.
Hurry and find it before the portal rusts away!
There is a stone staircase leading up here.
A kobold comes into view. It is wielding a +0 short sword.
The blast of sand hits the kobold.
The kobold is severely wounded.
The blast of sand hits the kobold.
You kill the kobold!
You can't see any susceptible monsters within range! (Use Z to cast anyway.)
Found a scroll labelled RYAPA GUSI.
f - a scroll labelled RYAPA GUSI An orc comes into view.
It is wielding a +0 hand axe.
The orc shouts!
You miscast Sandblast.
You are very lightly contaminated with residual magic.
Nothing appears to happen.
The blast of sand hits the orc.
The orc is lightly wounded.
An endoplasm comes into view.
The orc hits you but does no damage.
The blast of sand misses the orc.
The orc closely misses you.
The blast of sand hits the orc!
You kill the orc!
The blast of sand hits the endoplasm!
You kill the endoplasm!
Your magical contamination has completely faded away.
You can't see any susceptible monsters within range! (Use Z to cast anyway.)
Things that are here:
a +0 hand axe; a +0 leather armour; an orc corpse You hear the slow rusting of a very distant drain.
Found a falchion.
A kobold comes into view. It is wielding a +0 club.
Found 3 stones.
The kobold shouts!
A giant cockroach comes into view.
The blast of sand hits the kobold!
You kill the kobold!
The blast of sand hits the giant cockroach!
You kill the giant cockroach!
You can't see any susceptible monsters within range! (Use Z to cast anyway.)
You can't see any susceptible monsters within range! (Use Z to cast anyway.)
You see here a +0 club.
Found 9 gold pieces.
You see here a +0 falchion.
Found a robe.
Found a mace.
Found a scale mail.
A hobgoblin comes into view.
A hobgoblin is nearby!
The blast of sand hits the hobgoblin.
The hobgoblin is heavily wounded.
The hobgoblin hits you.
The blast of sand misses the hobgoblin.
The hobgoblin hits you but does no damage.
Found a sling.
The blast of sand hits the hobgoblin.
You kill the hobgoblin!
You can't see any susceptible monsters within range! (Use Z to cast anyway.)
An endoplasm comes into view.
Found a scroll labelled IDEQON BOIBUYMU.
Found 10 gold pieces.
The blast of sand hits the endoplasm.
The endoplasm is moderately wounded.
The blast of sand hits the endoplasm!
You kill the endoplasm!
You hear the slow rusting of a very distant drain.
Found a whip.
Found a burning altar of Makhleb.
d - 2 scrolls labelled IDEQON BOIBUYMU (gained 1)
You open the door.
There is an open door here.
You open the door.
An iguana comes into view.
The iguana hisses angrily.
Found 6 stones and a scroll labelled EKKIMUOC TEMU.
Found an escape hatch in the ceiling.
A quokka comes into view.
There is an open door here.
The blast of sand hits the iguana but does no damage.
The blast of sand hits the iguana!
The iguana is heavily wounded.
The blast of sand hits the iguana but does no damage.
The iguana is heavily wounded.
The iguana bites you!
Ouch! That really hurt!
The quokka closely misses you.
You are too injured to fight recklessly!
You are too injured to fight recklessly!
Casting: Sandblast (safe; 3% risk of failure)
Confirm with . or Enter, or press ? or * to list all spells.
Aiming: Sandblast (safe; 3% risk of failure)
Press: ? - help, Shift-Dir - straight line, f/p - iguana
Aim: an iguana (heavily wounded, 84% to hit)
The blast of sand hits the iguana.
The iguana is severely wounded.
The iguana bites you but does no damage.
The quokka bites you. The iguana bites you. The quokka bites you.
Casting: Sandblast (safe; 3% risk of failure)
Confirm with . or Enter, or press ? or * to list all spells.
Aiming: Sandblast (safe; 3% risk of failure)
Press: ? - help, Shift-Dir - straight line, f/p - iguana
Aim: an iguana (severely wounded, 84% to hit)
The blast of sand hits the iguana!
You kill the iguana!
The quokka bites you.
* * * LOW HITPOINT WARNING * * *
Your Earth Magic skill increases to level 5!
You have reached level 3!
Your experience leads to an increase in your attributes!
Increase (s)trength, (i)ntelligence, or (d)exterity?
You feel clever. x2; You feel agile.
You have reached level 4!
HP warning!
Casting: Sandblast (safe; 1% risk of failure)
Confirm with . or Enter, or press ? or * to list all spells.
Aiming: Sandblast (safe; 1% risk of failure)
Press: ? - help, Shift-Dir - straight line, f - quokka
Aim: a quokka (76% to hit)
You miscast Sandblast.
You are very lightly contaminated with residual magic.
Nothing appears to happen.
The quokka barely misses you. The quokka bites you.
You die...

#........#...###.....###
#.._........#..#†....#(.
#..........#...#.....#..
#....##'......#.#...#.#.
#....*#......#...#.#...#
##### #...........[.....
* * #.#.....######.... ,
#.#.....# #....
#@#.....# .....
......†r....... $.....
,.....?(....###. .......
........<..# * ........
* ...........# *
##+#..... ...........# ,
............ , *
≈.§≈≈.≈≈§.≈.. * * ~ ,,


You could see a quokka.

Vanquished Creatures
  An iguana (D:3)
  An orc (D:3)
  A ball python (D:1)
  2 endoplasms (D:3)
  2 giant cockroaches
  A hobgoblin (D:3)
  3 kobolds
  A quokka (D:1)
12 creatures vanquished.

Notes
Turn   | Place    | Note
-------+----------+-------------------------------------------
     0 | D:1      | sentinel the Meteoran Earth Elementalist began the quest
                  | for the Orb.
     0 | D:1      | Reached XP level 1. HP: 14/14 MP: 5/5
    60 | D:2      | Reached skill level 4 in Earth Magic
    61 | D:2      | Reached XP level 2. HP: 20/20 MP: 1/6
    67 | D:2      | Learned a level 2 spell: Passwall
   170 | D:3      | Found a burning altar of Makhleb.
   191 | D:3      | HP: 1/20 [quokka (4)]
   192 | D:3      | Reached skill level 5 in Earth Magic
   192 | D:3      | Reached XP level 3. HP: 1/26 MP: 1/8
   192 | D:3      | Reached XP level 4. HP: 2/33 MP: 1/9
   192 | D:3      | Slain by a quokka

Illustrated notes

Levels and vault maps discovered:
D:1:      nzn_arrival_water_spiral, layout_rooms, dreamdust_mushroom_princess,
          moated_statue, palyth_stone_intersect, serial_park_tiny_pond
D:2:      layout_rooms, dreamdust_ecumenical_altar_statues, minmay_snake_closets
D:3:      layout_basic, nemelex_dance_club_becter, bloody_makhleb,
          mainiacjoe_overflow_large_starburst, portal_sewer_entry_e,
          nicolae_concentric_dashed_squares_mild, minmay_splitting_lines,
          dk_noncrumbling_3

Skill      XL: |  1  2 |
---------------+-------+-----
Earth Magic    | 4 5 |  5.4
Dodging        | |  2.4
Stealth        | |  1.4
Spellcasting   | |  2.6
Transmutations | |  1.2

Action                   |  1- 3 |  4- 6 || total
-------------------------+-------+-------++-------
 Cast: Sandblast         |    27 |       ||    27
       Passwall          |     1 |       ||     1
Armor: Robe              |     6 |       ||     6
Dodge: Dodged            |     6 |     1 ||     7
